[Event "*** MasterClass Titled Tuesday Blitz"]
[Site "Chess.com"]
[Date "2017.10.03"]
[Round "3"]
[White "Tarlev_Konstantin"]
[Black "BillieKimbah"]
[Result "0-1"]
[WhiteElo "2612"]
[BlackElo "2695"]
[TimeControl "180+2"]
[EndTime "13:37:40 PDT"]
[Termination "BillieKimbah won by resignation"]

1. d4 d5 2. Nf3 Nf6 3. c4 c6 4. e3 Bf5 5. Nc3 e6 6. Nh4 Bg6 7. Be2 Nbd7 8. O-O Bd6 9. g3 Qe7 10. b3 Ne4 11. Bb2 f5 12. Nxe4 dxe4 13. f4 exf3 14. Bxf3 O-O 15. Nxg6 hxg6 16. e4 c5 17. e5 Bc7 18. Bxb7 Rab8 19. Bc6 cxd4 20. Bxd7 Qxd7 21. Qxd4 Qc6 22. Qe3 Rbd8 23. Rad1 Bb6 24. Bd4 Rxd4 25. Rxd4 g5 26. b4 f4 27. Qd3 Bxd4+ 28. Qxd4 f3 29. b5 Qe8 30. Qg4 Qf7 31. a4 f2+ 32.
Kg2 Qb7+ 33. Kh3 Rf5 34. c5 Qd5 35. c6 Qd3 36. Qd1 Qxd1 37. Rxd1 f1=Q+ 38. Rxf1 Rxf1 39. a5 Rc1 40. a6 Kf7 41. Kg4 Rc5 42. b6 Rxc6 43. b7 Rb6 44. Kxg5 Rb5 45. Kg4 Ke7 46. h4 Kd7 47. h5 Kc7 48. Kg5 Rxe5+ 49. Kg6 Re4 50. Kxg7 Rg4+ 51. Kf6 Rxg3 52. Kxe6 Rh3 0-1

[Event "*** MasterClass Titled Tuesday Blitz"]
[Site "Chess.com"]
[Date "2017.10.03"]
[Round "3"]
[White "Gudmundur_Kjartansson"]
[Black "swayamsm"]
[Result "0-1"]
[WhiteElo "2335"]
[BlackElo "2499"]
[TimeControl "180+2"]
[EndTime "13:37:42 PDT"]
[Termination "swayamsm won on time"]

1. e4 e6 2. d4 d5 3. Nd2 Be7 4. Ngf3 Nf6 5. e5 Nfd7 6. Bd3 c5 7. c3 Nc6 8. O-O O-O 9. a3 a5 10. b3 f6 11. exf6 Nxf6 12. Bb2 cxd4 13. cxd4 Bd7 14.
Qe2 Qb6 15. h3 Nh5 16. Qe3 Nf4 17. Bc2 Rac8 18. Rfc1 e5 19. dxe5 Qxe3 20. fxe3 Ne2+ 21. Kf2 Nxc1 22. Rxc1 Bf5 23. Bxf5 Rxf5 24. Ke2 Rff8 25. g4 Kf7 26. e4 Ke6 27. exd5+ Kxd5 28. Nc4 Ke6 29. Ke3 Rcd8 30. Ke4 g5 31. Nb6 Rf4+ 32. Ke3 Rxf3+ 33. Kxf3 Rd3+ 34. Ke4 Rxb3 35. Rxc6+ bxc6 36. Nc4 Bc5 37. Bc1 Rc3 38. Nxa5 Rxc1 39. Nxc6 Rc4+ 40. Kd3 Ra4 0-1

[Event "*** MasterClass Titled Tuesday Blitz"]
[Site "Chess.com"]
[Date "2017.10.03"]
[Round "3"]
[White "PulpanJ"]
[Black "Taron_Shagbazyan"]
[Result "1-0"]
[WhiteElo "2342"]
[BlackElo "2504"]
[TimeControl "180+2"]
[EndTime "13:37:43 PDT"]
[Termination "PulpanJ won by resignation"]

1. e4 c5 2. Nf3 d6 3. d4 cxd4 4. Nxd4 Nf6 5. Nc3 a6 6. h3 e5 7. Nde2 h5 8. Bg5 Be6 9. Bxf6 Qxf6 10. Nd5 Bxd5 11. Qxd5 Nc6 12. Nc3 Be7 13. Qd3 Rc8 14. Nd5 Qg6 15. c3 Bg5 16. h4 Bd8 17. g3 O-O 18.
Bh3 Rb8 19. Ne3 Bb6 20. Nf5 Rfd8 21. O-O Qf6 22. Kg2 g6 23. Ne3 Bxe3 24. fxe3 Qe7 25.
Qd5 Kg7 26. Rf3 Rf8 27. Raf1 Rbd8 28. a4 f6 29. b4 Qf7 30. Be6 Qc7 31. Bh3 Rde8 32.
Rd1 Rd8 33. Qe6 Qe7 34. Qc4 g5 35. hxg5 fxg5 36. Bf5 g4 37. Rf2 Qg5 38. b5 axb5 39. axb5 Ne7 40. Qe6 Qf6 41. Qb3 d5 42. Rdf1 Qg5 43.
Qb4 dxe4 44. Bxe4 b6 45. Qc4 Rxf2+ 46. Rxf2 Rf8 47. Rxf8 Kxf8 48. Qd3 h4 49. Qd8+ Kg7 50. Qxb6 h3+ 51. Kh2 Qh5 52. Qe6 Kf8 53. Qf6+ Ke8 54.
b6 1-0

[Event "*** MasterClass Titled Tuesday Blitz"]
[Site "Chess.com"]
[Date "2017.10.03"]
[Round "3"]
[White "tomsishere"]
[Black "Kirill_Klukin"]
[Result "0-1"]
[WhiteElo "2289"]
[BlackElo "2501"]
[TimeControl "180+2"]
[EndTime "13:37:44 PDT"]
[Termination "Kirill_Klukin won by resignation"]

1. d4 Nf6 2. c4 g6 3. f3 Bg7 4. e4 d6 5. Ne2 O-O 6. Nbc3 a6 7. Be3 Nc6 8. Qd2 Na5 9. Ng3 b5 10. Bh6 Nxc4 11. Bxc4 bxc4 12. h4 e5 13. d5 Rb8 14.
h5 Bxh6 15. Qxh6 Rxb2 16. O-O-O Rb8 17. Rh4 c5 18. hxg6 fxg6 19. Rdh1 Qa5 20. Nge2 Qc7 21. f4 exf4 22. Nxf4 Qg7 23. Qxg7+ Kxg7 24. Ne6+ Bxe6 25. dxe6 Rbe8 26. Nd5 Rxe6 27. Nxf6 Kxf6 28. Rf1+ Kg7 29. Rxf8 Kxf8 30. Kd2 h5 31. Kc3 Re5 32. Kxc4 Rg5 33. Rf4+ Ke7 34. Rf2 Ke6 35. Rd2 Rg4 36. Re2 Ke5 37.
Kd3 Rg3+ 38. Kc4 Rg4 39. Kd3 c4+ 40. Kc3 Rxe4 41. Rf2 d5 42. Rf8 Rg4 43. Re8+ Kd6 44. Rd8+ Kc6 45. Rc8+ Kd7 46. Ra8 Rxg2 47. Rxa6 h4 48.
Kd4 h3 49. Kxd5 Rg5+ 50. Kxc4 h2 51. Ra7+ Ke6 52. Ra6+ Kf5 53. Ra5+ Kg4 0-1

[Event "*** MasterClass Titled Tuesday Blitz"]
[Site "Chess.com"]
[Date "2017.10.03"]
[Round "3"]
[White "PlotnikovPavel"]
[Black "Msb2"]
[Result "1-0"]
[WhiteElo "2456"]
[BlackElo "2628"]
[TimeControl "180+2"]
[EndTime "13:37:46 PDT"]
[Termination "PlotnikovPavel won by resignation"]

1. d4 Nf6 2. Nf3 d5 3. e3 c5 4. c4 cxd4 5. Nxd4 e5 6. Nf3 e4 7. Nd4 Bb4+ 8. Bd2 Bxd2+ 9. Qxd2 O-O 10. Nc3 dxc4 11. Bxc4 Nbd7 12. O-O Ne5 13. Be2 Bg4 14. Rfd1 Bxe2 15. Ndxe2 Qc8 16. Rac1 Qg4 17. h3 Qg5 18.
Kf1 Rfe8 19. Nf4 Qf5 20. Ncd5 Nd3 21. Nxf6+ Qxf6 22. Nxd3 Rad8 23. Qc3 Qa6 24. Qc4 Qxc4 25. Rxc4 exd3 26. Rc3 g6 27. Rdxd3 Rxd3 28. Rxd3 Re6 29.
Rb3 b6 30. Rc3 Rd6 31. Ke2 Rd7 32. Rc6 Kg7 33. g4 h5 34. a4 hxg4 35. hxg4 Re7 36. f3 Re5 37. b4 Re7 38. a5 bxa5 39. bxa5 Rb7 40. Ra6 Kh6 41. f4 Rb2+ 42. Kf3 Rb7 43. g5+ Kg7 44. e4 Rb3+ 45. Kg4 Rb4 46. Rxa7 Rxe4 47.
a6 Ra4 48. Kf3 Ra3+ 49. Ke4 Ra4+ 50. Ke5 Ra5+ 51. Kd6 Ra4 52. Kc7 Rxf4 53. Rb7 Ra4 54. Rb6 Ra5 55. Kb7 Rxg5 56. a7 Ra5 57. Ra6 Rc5 1-0

[Event "*** MasterClass Titled Tuesday Blitz"]
[Site "Chess.com"]
[Date "2017.10.03"]
[Round "3"]
[White "cheese111"]
[Black "ZapataCharlesS"]
[Result "0-1"]
[WhiteElo "2340"]
[BlackElo "2560"]
[TimeControl "180+2"]
[EndTime "13:37:47 PDT"]
[Termination "ZapataCharlesS won on time"]

1. e4 e5 2. Nf3 d6 3. d4 exd4 4. Nxd4 Nf6 5. Nc3 Be7 6. g3 d5 7.
e5 Ng4 8. Bg2 O-O 9. Nxd5 Nxe5 10. Nxe7+ Qxe7 11. O-O Rd8 12. Re1 c5 13. Qh5 cxd4 14.
Rxe5 Qf6 15. Be4 h6 16. Bd5 Be6 17. Bxe6 fxe6 18. Bd2 Nd7 19. Re2 e5 20. Rae1 Rf8 21. f4 Qb6 22. b3 Rae8 23. fxe5 d3+ 24. Be3 Qc6 25. cxd3 Nxe5 26. Bf4 Nf3+ 27. Qxf3 Qxf3 28.
Rxe8 Rxe8 29. Rxe8+ Kf7 30. Re3 Qd1+ 31. Kf2 Qc2+ 32. Re2 Qxd3 33. Rd2 Qb5 34. Be3 b6 35. Re2 g5 36. Rd2 h5 37. Re2 g4 38. Rd2 Qf5+ 39. Ke1 Qe4 40. Re2 Kg6 41. Bf4 Qd3 42. Be3 Kf5 43. Bf2 Qb1+ 44. Kd2 Qxa2+ 45. Ke1 Qxb3 46. Be3 Ke4 47. Bf4+ Kf5 48. Re5+ Kg6 49. Rg5+ Kf6 50. Rxh5 Qb1+ 51. Kf2 Qa2+ 52. Ke1 Qb1+ 53. Kf2 b5 54. Rh6+ Kg7 55. Ra6 Qc2+ 56. Kg1 Qc5+ 57. Kf1 b4 58. Rd6 b3 59. Rd2 Qb5+ 60. Ke1 b2 0-1

[Event "*** MasterClass Titled Tuesday Blitz"]
[Site "Chess.com"]
[Date "2017.10.03"]
[Round "3"]
[White "robbykevlishvili"]
[Black "Hrant_ChessMood"]
[Result "1-0"]
[WhiteElo "2286"]
[BlackElo "2735"]
[TimeControl "180+2"]
[EndTime "13:37:51 PDT"]
[Termination "robbykevlishvili won on time"]

1. e4 e5 2. Nf3 Nf6 3. Nxe5 d6 4. Nf3 Nxe4 5. Nc3 Nxc3 6. dxc3 Be7 7. Be3 Nc6 8. Qd2 Be6 9. O-O-O Qd7 10. Kb1 a6 11. h4 h6 12. Nd4 Nxd4 13. cxd4 d5 14.
Bf4 O-O-O 15. Bd3 Rhe8 16. Rde1 Kb8 17. h5 Bf6 18. c3 Re7 19. Re3 Rde8 20. Rhe1 Bg4 21.
f3 Bxh5 22. Be5 Bxe5 23. dxe5 Bg6 24. Bxg6 fxg6 25. Qd4 Qe6 26. b3 g5 27. Kb2 Rf8 28. g3 Ref7 29. Qd3 Rf5 30. c4 dxc4 31. bxc4 R5f7 32.
Qd5 Re8 33. Rd1 Qb6+ 34. Rb3 Qf2+ 35. Rd2 Qxd2+ 36. Qxd2 Rfe7 37. f4 gxf4 38. gxf4 g5 39. Qd5 b6 40. c5 b5 41. a4 gxf4 42. axb5 a5 43. b6 c6 44. Qxc6 Rd8 45. Ra3 Rd2+ 46. Kc3 Red7 47. Rxa5 R7d3+ 48. Kc4 Rd4+ 49. Kb5 1-0

[Event "*** MasterClass Titled Tuesday Blitz"]
[Site "Chess.com"]
[Date "2017.10.03"]
[Round "3"]
[White "nubair1198"]
[Black "TigranLPetrosyan"]
[Result "1-0"]
[WhiteElo "2456"]
[BlackElo "2673"]
[TimeControl "180+2"]
[EndTime "13:37:51 PDT"]
[Termination "nubair1198 won on time"]

1. d4 g6 2. c4 Bg7 3. e4 d6 4. Nc3 Nc6 5. Be3 e5 6. Nge2 exd4 7. Nxd4 Nge7 8. Be2 O-O 9. O-O f5 10.
exf5 Nxf5 11. Nxf5 Bxf5 12. Bf3 Qd7 13. c5 dxc5 14. Bxc5 Qxd1 15. Raxd1 Rfd8 16. g4 Bc2 17. Rxd8+ Rxd8 18. Rc1 Bxc3 19. Rxc2 Be5 20. Bxc6 bxc6 21. Kg2 a5 22. Be3 a4 23. Rxc6 Rb8 24. Rc4 Rxb2 25. Re4 Bd6 26. Rxa4 Kf7 27. h4 Ke6 28. Re4+ Kd5 29.
Rd4+ Kc6 30. a4 Ra2 31. Kf3 Ra3 32. h5 Be5 33. Rc4+ Kd5 34. Rc5+ Ke6 35. hxg6 hxg6 36.
Rc6+ Bd6 37. Ra6 Kd5 38. Ra8 c5 39. Rg8 c4 40. Rxg6 c3 41. Ke2 Be5 42. Rg8 Rxa4 43. Rd8+ Kc4 44. f4 Bf6 45. Rc8+ Kb3 46. g5 Be7 47. f5 Bxg5 48. Bxg5 c2 49. f6 1-0

[Event "*** MasterClass Titled Tuesday Blitz"]
[Site "Chess.com"]
[Date "2017.10.03"]
[Round "3"]
[White "Robin-Side"]
[Black "GameOverBro"]
[Result "1-0"]
[WhiteElo "2587"]
[BlackElo "2293"]
[TimeControl "180+2"]
[EndTime "13:37:51 PDT"]
[Termination "Robin-Side won by resignation"]

1. d4 d6 2. Nc3 Nf6 3. e4 e5 4.
dxe5 dxe5 5. Qxd8+ Kxd8 6. f4 Nc6 7. Nf3 Bd6 8. fxe5 Nxe5 9. Bg5 Re8 10. O-O-O h6 11. Bxf6+ gxf6 12. Nb5 Ke7 13. Nxd6 cxd6 14. Bb5 Rg8 15. Nh4 Rg4 16. g3 Rxe4 17. Rhe1 Rb4 18. Bf1 Bg4 19. Rd2 Rc8 20. Bg2 Rc5 21. b3 a5 22. Kb2 a4 23. Rf2 Rb6 24. Rf4 a3+ 25. Kxa3 Rxc2 26. Rxg4 f5 27. Rb4 Rxb4 28. Kxb4 Kf6 29.
Rd1 Rxa2 30. Rxd6+ Kg5 31. Rd5 Kf6 32. Rd8 Ke7 33. Rb8 Nd3+ 34. Kc3 Ne1 35. Rxb7+ Kf6 36.
Rb6+ Kg7 37. Nxf5+ Kh7 38. Be4 Rxh2 39. Rf6 Kg8 40.
Rxh6 Re2 41. Nd6 Kg7 42. Rh4 Kf6 43. Rf4+ Ke5 44. Nxf7+ Ke6 45. Ng5+ Ke5 46. Nf3+ Nxf3 47. Bxf3 Rf2 48. b4 Kd6 49. Kc4 Kc7 50. Kb5 Kb8 51.
Kb6 Kc8 52. Bg4+ 1-0

[Event "*** MasterClass Titled Tuesday Blitz"]
[Site "Chess.com"]
[Date "2017.10.03"]
[Round "3"]
[White "petrpalachev"]
[Black "Oleksandr_Bortnyk"]
[Result "1-0"]
[WhiteElo "2598"]
[BlackElo "2829"]
[TimeControl "180+2"]
[EndTime "13:38:04 PDT"]
[Termination "petrpalachev won by resignation"]

1. Nf3 Nf6 2. g3 b6 3. Bg2 Bb7 4. O-O g6 5. b3 Bg7 6. Bb2 O-O 7.
c4 d6 8. d4 Ne4 9. Nc3 c5 10. Rc1 cxd4 11. Nxe4 Bxe4 12. Bxd4 Bh6 13. Ra1 Nc6 14. Bb2 Qc7 15. Nd4 Bxg2 16. Kxg2 Rad8 17.
Nb5 Qb7 18. e4 a6 19. Nd4 Bg7 20. Nxc6 Bxb2 21. Nxd8 Qxe4+ 22. f3 Qa8 23. Rb1 Bf6 24. Nxf7 Rxf7 25. Qd5 Qc8 26. b4 Kg7 27. Rfc1 h5 28. c5 bxc5 29. bxc5 dxc5 30. Rxc5 Qe8 31. Qc6 Qd8 32. Rd5 Qh8 33. h4 Qh6 34. f4 Qh8 35. Qxa6 Kh7 36. Qd3 Qa8 37. Re1 e6 38. Rxe6 Rd7 39.
Rxf6 Qxd5+ 40. Qxd5 Rxd5 41. Rf7+ Kh6 42. Ra7 Rd3 43.
a4 Ra3 44. a5 Rb3 45. Kf2 Ra3 46. a6 Ra1 47. Ke3 Ra3+ 48. Kf2 Ra2+ 49. Kf3 Ra3+ 50. Ke4 Rxg3 51. Rf7 Ra3 52. a7 g5 53. hxg5+ Kg6 54. Rf6+ Kg7 55. Rh6 Ra4+ 56. Ke5 Ra5+ 57. Ke4 Ra4+ 58.
Kf3 Ra3+ 59. Kg2 Rxa7 60. Rxh5 Kg6 61. Rh6+ Kf5 62. Rf6+ Kg4 63. Kf2 Ra2+ 64. Ke3 Ra3+ 65. Kd4 Ra4+ 66. Ke5 Ra5+ 67. Ke6 Ra7 68. g6 Rg7 69. f5 Kg5 70. Rf7 Rg8 71. g7 Re8+ 72. Re7 Ra8 73. Kf7 Kxf5 74. g8=Q Ra7 75. Qg6+ 1-0

[Event "*** MasterClass Titled Tuesday Blitz"]
[Site "Chess.com"]
[Date "2017.10.03"]
[Round "3"]
[White "Zufi1811"]
[Black "ehrenfeld"]
[Result "1/2-1/2"]
[WhiteElo "2410"]
[BlackElo "2319"]
[TimeControl "180+2"]
[EndTime "13:38:05 PDT"]
[Termination "Game drawn by stalemate"]

1. g3 d5 2. Bg2 c6 3. f4 Nf6 4.
Nf3 Qb6 5. e3 Bg4 6. h3 Bxf3 7.
Bxf3 Nbd7 8. O-O e5 9. Bg2 Bd6 10. d3 O-O-O 11. Nc3 h5 12. a4 Qc7 13. a5 d4 14. exd4 exd4 15. Ne4 Nd5 16. Ng5 N7f6 17. a6 b6 18. c4 Ne3 19. Bxe3 dxe3 20. Qf3 Bc5 21. Kh1 Rxd3 22. Qxc6 Qxc6 23. Bxc6 h4 24. g4 e2 25. Rfe1 Kc7 26. Bg2 Re8 27. Nxf7 Ree3 28.
Ne5 Rd2 29. Bf3 Ne4 30. Kg2 Ng3 31. Rab1 g5 32. b4 Bd4 33. Nc6 gxf4 34. Nxa7 Rxf3 35. Nb5+ Kb8 36. Kxf3 Rd3+ 37. Kxf4 Bf2 38. a7+ Ka8 39. g5 Bxe1 40. Rxe1 Rd1 41. Rxe2 Nxe2+ 42. Kg4 Nd4 43.
Kxh4 Nxb5 44. cxb5 Rd4+ 45. Kh5 Rxb4 46. g6 Rxb5+ 47. Kh6 Rd5 48. g7 Rd8 49. Kh7 b5 50.
g8=Q Rxg8 51. Kxg8 b4 52. h4 b3 53. h5 b2 54. h6 b1=Q 55. h7 Qg6+ 56. Kh8 Qf6+ 57. Kg8 Qg6+ 58. Kh8 Qf7 1/2-1/2

[Event "*** MasterClass Titled Tuesday Blitz"]
[Site "Chess.com"]
[Date "2017.10.03"]
[Round "3"]
[White "kleinebeer98"]
[Black "Iball95"]
[Result "1-0"]
[WhiteElo "2500"]
[BlackElo "2516"]
[TimeControl "180+2"]
[EndTime "13:38:06 PDT"]
[Termination "kleinebeer98 won by checkmate"]

1. e4 c5 2. Nf3 g6 3. d4 cxd4 4. Qxd4 Nf6 5. Nc3 Nc6 6. Qa4 d6 7. e5 dxe5 8. Nxe5 Bg7 9. Nxc6 bxc6 10. Be2 O-O 11. O-O Nd5 12. Ne4 Bf5 13. Bf3 Qb6 14. c3 Rfd8 15. Re1 a5 16. Ng3 Be6 17. h4 Rab8 18.
h5 Qb5 19. Qh4 Bf6 20. Qh2 a4 21. Ne4 Bg7 22. hxg6 hxg6 23. Ng5 Bf5 24. a3 Qc5 25.
Qh4 Nf6 26. Be3 Qb5 27. Re2 Bd3 28. Rd2 Qc4 29. Qh2 Ng4 30. Bxg4 Qxg4 31. Rxd3 f6 32. Rxd8+ Rxd8 33. Nf3 e5 34. Re1 Qc4 35. Qh3 f5 36. Bh6 Bf6 37. Bg5 Bxg5 38. Nxg5 Rd7 39. Qh6 Qf4 40.
Qxg6+ Kf8 41. Ne6+ Ke7 42. Nxf4 Kd8 43. Qxc6 exf4 44.
Qxa4 f3 45. Qxd7+ Kxd7 46. gxf3 f4 47. Re4 Kd6 48. Kf1 Kd5 49. Ke2 Kc5 50. Kd3 Kd5 51.
b4 Kc6 52. a4 Kb6 53. c4 Ka6 54. Kd4 Kb6 55. Rxf4 Kc7 56. Re4 Kc6 57. f4 Kd7 58. f5 Kd6 59. f4 Kc6 60. f6 Kc7 61. f5 Kd6 62. f7 Kd7 63. f6 Kd6 64. a5 Kc7 65. b5 Kb7 66. c5 Kc7 67. Kd5 Kd7 68.
Re7+ Kd8 69. a6 Kc8 70. b6 Kb8 71. c6 Ka8 72. Kd6 Kb8 73. a7+ Kc8 74. b7+ Kd8 75.
c7# 1-0

[Event "*** MasterClass Titled Tuesday Blitz"]
[Site "Chess.com"]
[Date "2017.10.03"]
[Round "3"]
[White "IMVoja"]
[Black "SergeiAza"]
[Result "0-1"]
[WhiteElo "2405"]
[BlackElo "2697"]
[TimeControl "180+2"]
[EndTime "13:38:11 PDT"]
[Termination "SergeiAza won by resignation"]

1. Nf3 Nf6 2. d4 e6 3. Bg5 d5 4. Nbd2 c5 5. c3 Nbd7 6. e3 Be7 7. Bd3 h6 8. Bh4 b6 9. O-O Bb7 10. Ne5 Nxe5 11. dxe5 Nd7 12. Bg3 h5 13. h3 Qc7 14.
f4 h4 15. Bh2 g6 16. c4 O-O-O 17. Qe2 Nb8 18. Rac1 d4 19. e4 Nc6 20. a3 g5 21. Nf3 gxf4 22. Bxf4 Rdg8 23. Rf2 Bf8 24.
Kh1 Bh6 25. Qd2 Bxf4 26. Qxf4 f5 27. exf5 exf5 28. Bxf5+ Kb8 29. Bg4 Rf8 30. Qg5 Nxe5 31. Rcf1 Nxg4 32. Qxg4 Qg3 33. Qxg3+ hxg3 34. Re2 Re8 35.
Rfe1 Rxe2 36. Rxe2 a5 37. Re7 Bxf3 38. gxf3 Rxh3+ 39. Kg2 Rh2+ 40. Kxg3 Rxb2 41. f4 Rb1 42. Kf2 Rb2+ 43. Kg3 Rb3+ 44. Kg4 Rb1 45. f5 Rf1 46. Kg5 b5 47. cxb5 c4 48. Re4 c3 49. Rxd4 c2 50. Rc4 c1=Q+ 51. Rxc1 Rxc1 52. f6 Rf1 53. a4 Kc7 54. Kg6 Kd7 55. f7 Ke7 56. f8=Q+ Rxf8 0-1

[Event "*** MasterClass Titled Tuesday Blitz"]
[Site "Chess.com"]
[Date "2017.10.03"]
[Round "3"]
[White "Carolina-moon"]
[Black "Too_Stupid_To_Play"]
[Result "0-1"]
[WhiteElo "2045"]
[BlackElo "2152"]
[TimeControl "180+2"]
[EndTime "13:38:11 PDT"]
[Termination "Too_Stupid_To_Play won by resignation"]

1. e4 c5 2. Nf3 d6 3. d4 Nf6 4. Nc3 cxd4 5. Nxd4 a6 6. Bc4 e6 7. Bb3 Nbd7 8. O-O Nc5 9. Re1 Qc7 10. h3 Be7 11. Bg5 O-O 12. Bh4 b5 13. Bg3 b4 14. e5 bxc3 15. exf6 Bxf6 16. bxc3 Nxb3 17. Nxb3 Rd8 18. Rb1 Bxc3 19. Re3 Be5 20. Qg4 Qxc2 21. Rc1 Qg6 22. Qxg6 hxg6 23. Bxe5 dxe5 24. Rxe5 Bb7 25. Rc7 Rd1+ 26. Kh2 Bd5 27. Na5 Bxa2 28. Nc6 a5 29. Re4 g5 30. h4 Bd5 31. Ne7+ Kf8 32. Nxd5 Rxd5 33. hxg5 Rxg5 34. Rf4 Rf5 35. Rxf5 exf5 36. Rc3 a4 37. Ra3 g5 38. Kg3 Ke7 39. f4 g4 40.
Kh4 Kf6 41. Kg3 Kg6 42. Kh4 Rh8+ 43. Kg3 Ra8 44. Kh4 Kf6 45. Kg3 Ke6 46. Kh4 Kd5 47.
Kg5 Ke4 48. Kf6 Kxf4 49. g3+ Ke4 50. Kg5 Ra6 51. Kh5 Ra5 52. Kg5 f6+ 53. Kg6 f4 54. gxf4 Kxf4 55. Kxf6 g3 56. Ra1 g2 57. Kg6 Kg3 58.
Kh6 Kh2 59. Kg6 g1=Q+ 60. Rxg1 Kxg1 0-1

[Event "*** MasterClass Titled Tuesday Blitz"]
[Site "Chess.com"]
[Date "2017.10.03"]
[Round "3"]
[White "biostatistician"]
[Black "ChessWarrior7197"]
[Result "0-1"]
[WhiteElo "2405"]
[BlackElo "2660"]
[TimeControl "180+2"]
[EndTime "13:38:12 PDT"]
[Termination "ChessWarrior7197 won by resignation"]

1. d4 Nf6 2. Nf3 e6 3. c4 d5 4. Nc3 a6 5. cxd5 exd5 6. Bg5 Be6 7. e3 Bd6 8. Bd3 c6 9. O-O Nbd7 10. e4 dxe4 11.
Nxe4 Be7 12. Qe2 O-O 13. Rfe1 h6 14. Bh4 Re8 15. Ne5 Nxe4 16. Bxe7 Qxe7 17. Qxe4 Nf6 18. Qf3 Rad8 19. Rad1 Qb4 20. Qe3 Qxb2 21. a4 Kf8 22.
Bf1 Ng4 23. Qf4 Nxe5 24. Qxe5 Rd5 25. Qc7 Rd7 26. Qe5 Rde7 27. Qc5 Qb3 28. Rb1 Qd5 29.
Qc3 Kg8 30. Rb6 Bc8 31. Rxe7 Rxe7 32. h3 g6 33. Qd2 Kg7 34. Qc3 Rd7 35. Rb4 Re7 36.
Bc4 Qd6 37. d5+ Kh7 38. dxc6 Qxc6 39. Qd2 Bf5 40. Bf1 Rd7 41. Rd4 Rxd4 42. Qxd4 Be6 43. a5 Qc7 44. Qd2 b6 45. axb6 Qxb6 46. h4 h5 47. Bd3 a5 48. Qg5 Kg8 49. Bxg6 fxg6 50.
Qxg6+ Kf8 51. Qf6+ Ke8 52. Qg6+ Kd7 53. Qh7+ Kc6 54.
Qxh5 a4 55. Qf3+ Bd5 56. Qf6+ Kc5 57. Qe7+ Qd6 58. Qa7+ Kb5 59. h5 a3 60. h6 a2 61. h7 Qe5 62. Qd7+ Kb4 63. Qe7+ Qxe7 64. h8=Q Qe1+ 65. Kh2 a1=Q 0-1

[Event "*** MasterClass Titled Tuesday Blitz"]
[Site "Chess.com"]
[Date "2017.10.03"]
[Round "3"]
[White "Keaton87"]
[Black "Shtembuliak"]
[Result "0-1"]
[WhiteElo "2449"]
[BlackElo "2617"]
[TimeControl "180+2"]
[EndTime "13:38:15 PDT"]
[Termination "Shtembuliak won by resignation"]

1. d4 Nf6 2. Nf3 g6 3. Bf4 Bg7 4. e3 c5 5. c3 Qb6 6. Qb3 d6 7. Be2 Be6 8. Qa3 O-O 9. h3 Nc6 10. O-O cxd4 11. exd4 Nd5 12. Bh2 Bh6 13. Nbd2 Nf4 14.
Bxf4 Bxf4 15. Nc4 Qc7 16. Rfe1 b5 17. Ne3 Bxe3 18. fxe3 Rfb8 19. Rac1 a5 20. b3 Bd5 21. c4 bxc4 22. bxc4 Be4 23. Nd2 Bf5 24. Bf3 Ra7 25. c5 Nb4 26. e4 Bd7 27. c6 Bxc6 28. Qe3 Qb6 29. Nc4 Qa6 30. a3 Na2 31. Rc2 Ba4 32.
Rxa2 Qxc4 33. Rd2 Rb3 34. Qh6 Rd3 35. Rxd3 Qxd3 36. Qe3 Qxe3+ 37. Rxe3 Rc7 38. Kf2 Kg7 39. e5 dxe5 40. dxe5 Rc2+ 41. Re2 Rc3 42. Re3 Rc2+ 43. Re2 Rxe2+ 44. Bxe2 f6 45. exf6+ Kxf6 46. Ke3 Ke5 47. Bf3 g5 48. g3 h6 49. h4 Bb5 50. Be4 gxh4 51.
gxh4 Bc4 52. Bf3 Bd5 53. Bg4 Kd6 54. Kd4 e5+ 55. Kc3 Kc5 56. Bd1 Bc4 57. Bc2 Bd5 58.
Bd1 Bc6 59. Bc2 e4 60. Bd1 Bb5 61. Bg4 Kd5 62. Be2 Bxe2 0-1

[Event "*** MasterClass Titled Tuesday Blitz"]
[Site "Chess.com"]
[Date "2017.10.03"]
[Round "3"]
[White "plouarzel"]
[Black "BogdanDeac"]
[Result "0-1"]
[WhiteElo "2469"]
[BlackElo "2642"]
[TimeControl "180+2"]
[EndTime "13:38:28 PDT"]
[Termination "BogdanDeac won on time"]

1. e4 c5 2. Nf3 a6 3. c3 d5 4. exd5 Qxd5 5. d4 Nf6 6. Be3 cxd4 7. cxd4 e6 8. Nc3 Qd6 9. Ne5 Nc6 10. Nc4 Qd8 11.
Be2 b5 12. Bf3 Bb7 13. Ne5 Rc8 14. O-O Bd6 15. Rc1 Na5 16. Bxb7 Nxb7 17. Qf3 Na5 18. b3 Ba3 19. Ne4 Bxc1 20. Bxc1 h6 21. Ba3 Nb7 22.
Nc6 Qc7 23. Nxf6+ gxf6 24. Qxf6 Rg8 25. d5 b4 26. Bb2 Qd7 27. Ne5 Qe7 28. Qxh6 Qg5 29.
Qh3 Qf5 30. Qe3 Rc2 31. dxe6 fxe6 32. Bd4 Nd6 33. Nc4 Nxc4 34. bxc4 Rxc4 35. Re1 Kf7 36. Bb2 Rgc8 37. Qh6 Qg6 38. Qe3 Qf5 39. g3 Rc2 40.
Qd4 R8c4 41. Qd7+ Kf8 42. Qg7+ Ke8 43. Bd4 a5 44. Qg8+ Ke7 45. Be3 R4c3 46. Qg7+ Ke8 47. Qg8+ Kd7 48. Rd1+ Rd3 49. Qf7+ Qxf7 50. Rxd3+ Kc6 0-1

[Event "*** MasterClass Titled Tuesday Blitz"]
[Site "Chess.com"]
[Date "2017.10.03"]
[Round "3"]
[White "Kazan28"]
[Black "ka1ser64"]
[Result "0-1"]
[WhiteElo "2154"]
[BlackElo "2322"]
[TimeControl "180+2"]
[EndTime "13:38:28 PDT"]
[Termination "ka1ser64 won by checkmate"]

1. d4 d5 2. c4 dxc4 3. e4 e5 4. Nf3 Bb4+ 5. Nc3 exd4 6. Qxd4 Qe7 7. Bxc4 Nf6 8. O-O Nc6 9. Qe3 O-O 10. Nd5 Nxd5 11.
exd5 Qxe3 12. Bxe3 Ne7 13. Bf4 Bd6 14. Bxd6 cxd6 15. Nd4 Bd7 16. Rfe1 Rfe8 17. f3 a6 18. Kf2 Rac8 19. Rac1 Kf8 20. Bb3 Ng6 21. Rxe8+ Kxe8 22. Rxc8+ Bxc8 23. a4 Ne5 24. a5 Bd7 25. h3 Nd3+ 26. Ke3 Nxb2 27. f4 g6 28. g4 Na4 29.
Bxa4 Bxa4 30. f5 Ke7 31. Kf4 Bb5 32. h4 Bc4 33. fxg6 fxg6 34. Kg5 Bxd5 35. Kh6 Kf7 36. Kxh7 b5 37. axb6 a5 38. g5 a4 39. h5 gxh5 40. g6+ Ke7 41. g7 Kd7 42. Nf5 a3 43. Ne7 Bf7 44. Nf5 a2 45. Nxd6 Kxd6 46. b7 a1=Q 47.
b8=Q+ Ke7 48. Qc7+ Kf6 49. Qf4+ Ke6 50. Qc4+ Ke7 51.
Qc7+ Ke8 52. Qc8+ Ke7 53. Qf8+ Ke6 54. Qc8+ Kf6 55. Qd8+ Kf5 56. Qf8 Ke6 57. Qxf7+ Kxf7 58. g8=Q+ Ke7 59. Qg5+ Kf8 60. Qd8+ Kf7 61. Qd7+ Kf8 62. Qd8+ Kf7 63. Qd7+ Kf8 64. Qd6+ Kf7 65. Qg6+ Kf8 66.
Qxh5 Qg7# 0-1

[Event "*** MasterClass Titled Tuesday Blitz"]
[Site "Chess.com"]
[Date "2017.10.03"]
[Round "3"]
[White "AndrewMcStone"]
[Black "Daniela_Movileanu"]
[Result "1-0"]
[WhiteElo "2074"]
[BlackElo "2097"]
[TimeControl "180+2"]
[EndTime "13:38:36 PDT"]
[Termination "AndrewMcStone won by checkmate"]

1. d4 Nf6 2. c4 g6 3. Nc3 d5 4. cxd5 Nxd5 5. Bd2 Nb6 6. Bf4 Bg7 7. e3 O-O 8. Nf3 Nc6 9. Be2 Nb4 10. O-O N4d5 11. Bg3 f5 12. Be5 Nf6 13. Qb3+ e6 14. Rac1 c6 15. Rfd1 Qe7 16. a4 Nbd7 17. Bg3 Nh5 18. Bh4 Nhf6 19. Ne5 Kh8 20. a5 a6 21. Bc4 Qe8 22.
Bxe6 Nxe5 23. Bxc8 Rxc8 24. dxe5 Qxe5 25. Qxb7 Rb8 26.
Qxc6 Rxb2 27. Qxa6 Ng4 28. Bg3 Qc5 29. Bd6 Qc8 30. Qxc8 Rxc8 31. Nd5 Rxc1 32. Rxc1 h6 33. Ra1 Nxf2 34. a6 Ne4 35. a7 Nxd6 36. a8=Q+ Kh7 37. Qa7 Rb7 38. Qc5 Ne4 39. Qc1 Bxa1 40. Qxa1 Rd7 41. Nf6+ Nxf6 42. Qxf6 Rg7 43. Kf2 Rg8 44. h4 Rg7 45. g3 Rg8 46. Kf3 Rg7 47. h5 gxh5 48. Qxf5+ Kg8 49. Qxh5 Kh7 50. Qf5+ Kg8 51. g4 Rf7 52. Kf4 Kg7 53. e4 Rxf5+ 54. gxf5 Kf6 55. Kg4 Ke5 56. Kh5 Kxe4 57. f6 Kf5 58. f7 Ke5 59. f8=Q Kd4 60. Qf6+ Kd5 61. Kxh6 Ke4 62. Kg5 Kd5 63.
Kf5 Kc4 64. Qd6 Kc3 65. Ke4 Kc4 66. Qc6+ Kb4 67. Kd3 Kb3 68. Qc3+ Ka4 69. Qb2 Ka5 70. Kc4 Ka6 71. Kc5 Ka7 72. Kc6 Ka8 73. Qb7# 1-0